 Dungeon Crawl Stone Soup version 0.22.1-2-g9c5b331383 (webtiles) character file.

35 McIrco the Shield-Bearer (level 3, -12/29 HPs)
             Began as a Demonspawn Fighter on Jan 5, 2019.
             Was an Initiate of Okawaru.
             Mangled by an ogre
             ... wielding a +0 giant club
              (15 damage)
             ... on level 2 of the Dungeon.
             The game lasted 00:01:50 (1192 turns).

McIrco the Shield-Bearer (Demonspawn Fighter)       Turns: 1192, Time: 00:01:51

Health: -12/29     AC:  6    Str: 16    XL:     3   Next: 17%
Magic:  12/12      EV:  7    Int:  9    God:    Okawaru [......]
Gold:   123        SH:  9    Dex: 13    Spells: 2/2 levels left

rFire    . . .     SeeInvis .   a - +0 long sword
rCold    . . .     Gourm    +   c - +0 shield
rNeg     . . .     Faith    .   b - +0 scale mail
rPois    .         Spirit   .   (no helmet)
rElec    .         Reflect  .   (no cloak)
rCorr    .         Harm     .   (no gloves)
MR       .....                  (no boots)
Stlth    ..........             g - amulet of the gourmand
HPRegen  0.09/turn              p - ring of magical power
MPRegen  0.13/turn              (no ring)

@: no status effects
A: rot immunity
a: Renounce Religion


You were on level 2 of the Dungeon.
You worshipped Okawaru.
Okawaru was noncommittal.
You were very hungry.

You visited 1 branch of the dungeon, and saw 2 of its levels.

You collected 123 gold pieces.

Inventory:

Hand Weapons
 a - a +0 long sword (weapon)
Armour
 b - a +0 scale mail (worn)
 c - a +0 shield (worn)
Jewellery
 g - an amulet of the gourmand (around neck)
 p - a ring of magical power (left hand)
 q - an uncursed ring of fire {unknown}
Scrolls
 h - 3 scrolls of teleportation {unknown}
 j - a scroll of enchant armour {unknown}
 k - 2 scrolls of remove curse {unknown}
 n - a scroll of blinking {unknown}
 r - a scroll of enchant weapon {unknown}
Potions
 d - a potion of might
 e - 2 potions of curing {unknown}
 i - 2 potions of heal wounds {unknown}
 l - a potion of degeneration {unknown}
 m - a potion of invisibility {unknown}
 o - 3 potions of brilliance {unknown}
Comestibles
 f - 2 rations


   Skills:
 - Level 3.0 Fighting
 - Level 1.7 Long Blades
 - Level 2.6 Armour
 + Level 3.9 Shields


You had 2 spell levels left.
You didn't know any spells.
Your spell library was empty.

Dungeon Overview and Level Annotations

Branches:
Dungeon (2/15)

Altars:
Okawaru


Innate Abilities, Weirdness & Mutations

You are immune to rotting.


Message History

You are feeling very hungry.
You hit the ogre.
The ogre is moderately wounded.
The ogre closely misses you.
You riposte.
Your shield and scale mail prevent you from hitting the ogre.
The ogre is moderately wounded.
You block the rat's attack.
Your shield and scale mail prevent you from hitting the ogre.
The ogre is moderately wounded.
The rat bites you but does no damage. The ogre hits you with a giant club!!
Ouch! That really hurt!
* * * LOW HITPOINT WARNING * * *
You are too injured to fight recklessly!
Unknown command.
You are too injured to fight recklessly!
You slash the ogre!
The ogre is severely wounded.
The rat bites you but does no damage. The ogre hits you with a giant club!
Ouch! That really hurt!
You die...

#..........#...#
#............#.#
##..#######.##.# ##.##
#....... #..# #.......
#.## #....... #.#
#........
#########.###...........
......r@O....<##########
.......?...####
..........## ###########


You could see an ogre and a rat.

Vanquished Creatures
  2 dart slugs (D:1)
  A leopard gecko (D:2)
  7 bats
  A giant cockroach (D:1)
  4 goblins
  3 hobgoblins
  3 frilled lizards
  5 kobolds
  3 rats
29 creatures vanquished.

Vanquished Creatures (others)
  4 toadstools (D:1)
4 creatures vanquished.

Grand Total: 33 creatures vanquished

Notes
Turn   | Place    | Note
-------+----------+-------------------------------------------
     0 | D:1      | McIrco the Demonspawn Fighter began the quest for the Orb.
     0 | D:1      | Reached XP level 1. HP: 18/18 MP: 1/1
    40 | D:1      | Found an iron altar of Okawaru.
    49 | D:1      | Became a worshipper of Warmaster Okawaru
   265 | D:1      | Gained mutation: You are immune to rotting. [demonic
                  | ancestry]
   265 | D:1      | Reached XP level 2. HP: 23/24 MP: 2/2
   860 | D:2      | Reached XP level 3. HP: 23/29 MP: 3/3
  1186 | D:2      | Noticed an ogre
  1192 | D:2      | Mangled by an ogre

Skill      XL: |  1 |
---------------+----+-----
Shields        | 3 |  3.9
Fighting       | |  3.0
Long Blades    | |  1.7
Armour         | |  2.6

Action                   || total
-------------------------++-------
Melee: Long sword        ||    84
Armor: Scale mail        ||    70
Dodge: Dodged            ||    38
Block: Shield            ||    59
       Rpst.: Long sword ||     7
